 Dungeon Crawl Stone Soup version 0.26-a0-1181-gd376ed14c5 (webtiles) character file.

Game seed: 8726065166241705265

9803 mg7810 the Cultivator (level 11, 0/89 HPs)
             Began as a Black Draconian Monk on Dec 25, 2020.
             Was a Believer of Fedhas.
             Slain by a two-headed ogre
             ... wielding a +0 giant club
              (27 damage)
             ... on level 11 of the Dungeon on Dec 26, 2020.
             The game lasted 00:55:40 (13009 turns).

mg7810 the Cultivator (Black Draconian Monk)       Turns: 13009, Time: 00:55:40

Health: 0/89       AC: 10    Str: 14    XL:     11   Next: 27%
Magic:  15/18      EV: 20    Int: 13    God:    Fedhas [**....]
Gold:   218        SH:  0    Dex: 14    Spells: 18/20 levels left

rFire    . . .     SeeInvis .   a - +2 dagger (elec)
rCold    . . .     Faith    .   (no shield)
rNeg     . . .     Spirit   .   (armour unavailable)
rPois    .         Reflect  .   u - +1 hat
rElec    +         Harm     .   (no cloak)
rCorr    .         Rampage  .   b - +0 pair of gloves
Will     .....                  J - +0 pair of boots
Stlth    +++.......             (no amulet)
HPRegen  0.24/turn              m - ring of flight
MPRegen  0.16/turn              j - +4 ring of evasion

@: short of breath
A: breathe lightning, unfitting armour, electricity resistance, cold-blooded, AC
+7
a: Breathe Lightning, Renounce Religion, Evoke Flight, Wall of Briars


You were on level 11 of the Dungeon.
You worshipped Fedhas.
Fedhas was pleased with you.
You visited 2 branches of the dungeon, and saw 12 of its levels.

You collected 635 gold pieces.
You spent 417 gold pieces at shops.

Inventory:

Hand Weapons
 a - a +2 dagger of electrocution (weapon)
 w - the +2 hand axe "Ox" {distort, rC++}
   (You bought it in a shop on level 7 of the Dungeon)

   It warps and distorts space around it.
   Unwielding it can cause banishment or high damage.
   It greatly protects you from cold.
Missiles
 e - 4 boomerangs
 l - 26 poisoned darts (quivered)
 B - 10 javelins
Armour
 b - a +0 pair of gloves (worn)
 u - a +1 hat (worn)
 J - a +0 pair of boots (worn)
Jewellery
 j - a +4 ring of evasion (right hand)
 m - a ring of flight (left hand)
 n - an uncursed ring of see invisible
 C - a +4 ring of evasion
Wands
 c - a wand of digging (4)
 d - a wand of acid (4)
 v - a wand of flame (32)
 E - a wand of polymorph (7)
Scrolls
 f - 3 scrolls of fog
 g - 4 scrolls of teleportation
 h - 3 scrolls of remove curse
 i - 2 scrolls of random uselessness {unknown}
 k - a scroll of vulnerability {unknown}
 r - a scroll of enchant weapon {unknown}
 t - a scroll of immolation {unknown}
 y - 2 scrolls of summoning {unknown}
 z - 5 scrolls of identify
 A - 2 scrolls of fear {unknown}
 G - 2 scrolls of magic mapping {unknown}
 H - a scroll of noise {unknown}
 I - a scroll of brand weapon {unknown}
Potions
 o - a potion of might
 q - a potion of flight {unknown}
 s - 4 potions of curing
 x - a potion of attraction {unknown}
 D - 3 potions of haste
 F - 2 potions of heal wounds


   Skills:
 + Level 5.7 Fighting
 + Level 6.5 Short Blades
 + Level 4.6 Throwing
 + Level 7.0 Dodging
 + Level 5.0 Stealth
 + Level 4.5 Unarmed Combat
 + Level 5.2 Spellcasting
 + Level 5.9 Summonings
 + Level 7.3 Invocations
 + Level 4.7 Evocations


You had 18 spell levels left.
You knew the following spells:

 Your Spells              Type           Power        Failure   Level
a - Call Imp              Summ           18%          2%          2

Your spell library contained the following spells:

 Spells                   Type           Power        Failure   Level
 Animate Skeleton         Necr           6%           19%         1
 Beastly Appendage        Tmut           6%           19%         1
 Corona                   Hex            3%           19%         1
 Magic Dart               Conj           12%          19%         1
 Pain                     Necr           12%          19%         1
 Blink                    Tloc           N/A          28%         2
 Ensorcelled Hibernation  Hex/Ice        6%           28%         2
 Slow                     Hex            3%           28%         2
 Wereblood                Tmut           3%           28%         2
 Confusing Touch          Hex            3%           50%         3
 Conjure Flame            Conj/Fire      3%           50%         3
 Dazzling Flash           Conj/Hex       6%           50%         3
 Mephitic Cloud           Conj/Pois/Air  3%           50%         3
 Spider Form              Tmut/Pois      1%           50%         3
 Tukima's Dance           Hex            3%           50%         3
 Vampiric Draining        Necr           1%           50%         3
 Animate Dead             Necr           1%           88%         4
 Ice Form                 Ice/Tmut       3%           88%         4
 Agony                    Necr           3%           99%         5
 Blade Hands              Tmut           1%           99%         5


Dungeon Overview and Level Annotations

Branches:
Dungeon (11/15)            Temple (1/1) D:4            Lair (0/6) D:8
    Orc: D:9-12

Altars:
Ashenzari
Cheibriados
Dithmenos
Elyvilon
Fedhas
Gozag
Hepliaklqana
Kikubaaqudgha
Makhleb
Nemelex Xobeh
Okawaru
Qazlal
Ru
Sif Muna
Trog
Uskayaw
Vehumet
Wu Jian
Xom
Yredelemnul
Zin
The Shining One

Shops:
D:5 *   D:7 ?(*(

Annotations:
D:7 2 transporters
D:8 1 runed translucent door
D:11 Snorg


Innate Abilities, Weirdness & Mutations

You can breathe wild blasts of lightning.
Your glossy black scales are hard. (AC +7)
You cannot fit into any form of body armour.
You are resistant to electric shocks. (rElec)
You are cold-blooded and may be slowed by cold attacks.


Message History

You kill the scorpion!
Fedhas accepts your kill.
You hit the two-headed ogre but do no damage.
Lightning courses through the two-headed ogre!
The two-headed ogre is moderately wounded.
The two-headed ogre completely misses you.
The two-headed ogre closely misses you.
You hit the two-headed ogre.
The two-headed ogre is moderately wounded.
You closely miss the two-headed ogre.
The two-headed ogre is moderately wounded.
The two-headed ogre misses you. x2
You hit the two-headed ogre but do no damage.
The two-headed ogre is moderately wounded.
You hit the two-headed ogre but do no damage.
The two-headed ogre is moderately wounded.
The two-headed ogre hits you with a +0 giant club!
The two-headed ogre hits you with a +0 giant spiked club!!
You die...
Fedhas appreciates your contribution to the ecosystem.

#.########
#.....<..######
#..#####.##...#
####.##...###
#...........##.#
#.##.##...........#
#....@OT.......##.#
####.#####...### #.
#...# ## #####


You could see Snorg and a two-headed ogre.

Vanquished Creatures
  A hydra (D:9)
  2 two-headed ogres
  An anaconda (D:10)
  An ugly thing (D:9)
  2 water nymphs (D:10)
  A troll (D:9)
  A hornet (D:10)
  A slime creature (D:10)
  A wraith (D:10)
  A shadow (D:9)
  A vampire (D:10)
  A wyvern (D:8)
  5 yaks
  Edmund (D:6)
  A water moccasin (D:5)
  Duvessa (D:4)
  3 sky beasts
  2 orc warriors
  An eye of draining (D:11)
  3 ice beasts
  An ogre (D:8)
  2 black bears (D:10)
  A necrophage (D:9)
  3 phantoms
  3 centaurs
  2 bullfrogs
  A water moccasin zombie (D:9)
  Dowan (D:4)
  3 scorpions
  A water moccasin skeleton (D:10)
  3 howler monkeys
  9 wights
  An electric eel (D:8)
  A centaur zombie (D:5)
  12 hounds
  4 orc priests
  7 orc wizards
  An iguana (D:10)
  Natasha (twice) (D:3)
  8 worker ants
  2 hound skeletons
  A worker ant zombie (D:8)
  Robin (D:3)
  12 gnolls
  11 adders
  2 white imps
  An ufetubus (D:6)
  2 oozes
  4 adder zombies
  2 worms (D:4)
  A dart slug (D:2)
  12 leopard geckos
  29 orcs
  A ball python (D:3)
  6 bats
  5 giant cockroaches
  11 goblins
  9 hobgoblins
  17 jackals
  8 kobolds (D:1)
  2 quokkas
  9 frilled lizards
  2 leopard gecko zombies
  A quokka skeleton (D:6)
  A quokka zombie (D:5)
  14 rats
  A rat zombie (D:3)
264 creatures vanquished.

Vanquished Creatures (collateral kills)
  Menkaure (D:6)
  A water moccasin (D:6)
  4 orc wizards
  Natasha (D:3)
  A gnoll (D:8)
  An adder skeleton (D:4)
  A leopard gecko (D:4)
  6 orcs
  3 goblins (D:3)
  3 hobgoblins (D:3)
  44 ballistomycete spores
66 creatures vanquished.

Vanquished Creatures (others)
  A leopard gecko (D:8)
  An orc (D:5)
  3 ballistomycete spores
  15 plants (D:1)
20 creatures vanquished.

Grand Total: 350 creatures vanquished

Notes
Turn   | Place    | Note
-------+----------+-------------------------------------------
     0 | D:1      | mg7810 the Draconian Monk began the quest for the Orb.
     0 | D:1      | Reached XP level 1. HP: 19/19 MP: 1/1
   338 | D:1      | Reached XP level 2. HP: 17/26 MP: 2/2
   763 | D:1      | Reached XP level 3. HP: 29/31 MP: 3/3
  1464 | D:2      | Found a faded altar of an unknown god.
  1599 | D:2      | Found a shimmering altar of Xom.
  1601 | D:2      | Found a glowing golden altar of the Shining One.
  1601 | D:2      | Found a sacrificial altar of Ru.
  1603 | D:2      | Found a bloodstained altar of Trog.
  1603 | D:2      | Found a sacrificial altar of Ru.
  1603 | D:2      | Found a sacrificial altar of Ru.
  1846 | D:2      | Reached XP level 4. HP: 38/38 MP: 4/4
  1988 | D:2      | Found a bloodstained altar of Trog.
  1990 | D:2      | Found a blossoming altar of Fedhas.
  1992 | D:2      | Found an iron altar of Okawaru.
  1992 | D:2      | Found a stormy altar of Qazlal.
  1993 | D:2      | Found a snail-covered altar of Cheibriados.
  1993 | D:2      | Found a broken altar of Ashenzari.
  2043 | D:2      | Became a worshipper of Fedhas Madash
  2043 | D:2      | Reached * piety under Fedhas
  2043 | D:2      | Reached ** piety under Fedhas
  2281 | D:3      | Found a white marble altar of Elyvilon.
  2309 | D:3      | Found an ancient bone altar of Kikubaaqudgha.
  2592 | D:3      | Found a shadowy altar of Dithmenos.
  2697 | D:3      | Noticed Robin
  2733 | D:3      | Learned a level 2 spell: Call Imp
  2782 | D:3      | Killed Robin
  2783 | D:3      | Reached XP level 5. HP: 40/45 MP: 3/5
  2979 | D:3      | Noticed Natasha
  2987 | D:3      | Killed Natasha
  3129 | D:3      | Noticed Natasha
  3139 | D:3      | Killed Natasha
  3140 | D:3      | Reached skill level 1 in Throwing
  3140 | D:3      | Reached skill level 1 in Summonings
  3164 | D:3      | Noticed Natasha
  3168 | D:3      | Killed Natasha
  3661 | D:4      | Reached skill level 1 in Short Blades
  3661 | D:4      | Reached skill level 1 in Spellcasting
  3661 | D:4      | Reached skill level 1 in Invocations
  3661 | D:4      | Reached XP level 6. HP: 52/52 MP: 7/7
  3981 | D:4      | Found an ornate altar of the Wu Jian Council.
  4050 | D:4      | Noticed Duvessa
  4052 | D:4      | Noticed Dowan
  4081 | D:4      | Killed Duvessa
  4183 | D:4      | Reached skill level 1 in Evocations
  4186 | D:4      | Reached *** piety under Fedhas
  4350 | D:4      | Your scales start taking on a glossy black colour.
  4350 | D:4      | Reached XP level 7. HP: 59/59 MP: 9/9
  4350 | D:4      | Gained mutation: You are resistant to electric shocks.
                  | (rElec) [Black Draconian growth]
  4403 | D:4      | Killed Dowan
  4779 | D:4      | Found a staircase to the Ecumenical Temple.
  4796 | Temple   | Entered the Ecumenical Temple
  4997 | D:5      | Entered Level 5 of the Dungeon
  5122 | D:5      | Found Butt's General Store.
  5160 | D:5      | HP: 2/59 [orc/+0 club (4)]
  5170 | D:5      | Reached XP level 8. HP: 27/66 MP: 4/11
  5967 | D:6      | Found a shimmering blue altar of Sif Muna.
  6197 | D:6      | Noticed Menkaure
  6220 | D:6      | Killed Menkaure
  6841 | D:6      | Noticed Edmund
  6873 | D:6      | Killed Edmund
  7138 | D:6      | Reached XP level 9. HP: 72/72 MP: 10/14
  7358 | D:7      | Found Gesigg's Magic Scroll Emporium.
  7507 | D:7      | Found Faum's Antique Weapon Shoppe.
  7565 | D:7      | Found a transporter.
  7581 | D:7      | Found a transporter.
  7632 | D:7      | Reached **** piety under Fedhas
  7662 | D:7      | Found Akuleum's Assorted Antiques.
  7665 | D:7      | Bought an embroidered hat for 217 gold pieces
  7705 | D:7      | Found Reiraes's Antique Weapon Emporium.
  7766 | D:7      | Noticed a kobold demonologist
  7821 | D:7      | Bought a bloodstained hand axe for 200 gold pieces
  7821 | D:7      | Identified the cursed +2 hand axe "Ox" {distort, rC++} (You
                  | bought it in a shop on level 7 of the Dungeon)
  7840 | D:8      | Found an iron altar of Okawaru.
  8157 | D:8      | Found a staircase to the Lair.
  8561 | D:8      | Found a burning altar of Makhleb.
  8595 | D:8      | Found a runed translucent door.
  8595 | D:8      | Noticed a white very ugly thing
  8595 | D:8      | Noticed a troll
  8595 | D:8      | Noticed a wolf spider
  8597 | D:8      | Noticed a fire dragon
  8597 | D:8      | Noticed a freezing wraith
  8597 | D:8      | Noticed a boulder beetle
  9502 | D:9      | Reached skill level 5 in Short Blades
  9502 | D:9      | Reached skill level 5 in Invocations
  9513 | D:9      | Reached skill level 5 in Dodging
  9589 | D:9      | Found a basalt altar of Yredelemnul.
  9619 | D:9      | Reached XP level 10. HP: 80/80 MP: 11/16
  9677 | D:9      | Reached skill level 5 in Fighting
  9831 | D:9      | Noticed a two-headed ogre
  9849 | D:9      | Killed a two-headed ogre
 10414 | D:9      | Found a runed translucent door.
 10415 | D:9      | Noticed a purple ugly thing
 10419 | D:9      | Noticed a seven-headed hydra
 10484 | D:9      | Killed a seven-headed hydra
 10634 | D:9      | Killed a purple ugly thing
 10919 | D:10     | Entered Level 10 of the Dungeon
 11447 | D:10     | Reached skill level 5 in Stealth
 11455 | D:10     | Reached skill level 5 in Summonings
 11520 | D:10     | Noticed a two-headed ogre
 11530 | D:10     | Killed a two-headed ogre
 11531 | D:10     | Reached XP level 11. HP: 47/88 MP: 13/17
 12331 | D:10     | Noticed an anaconda
 12331 | D:10     | a large slime creature changed into an anaconda
 12338 | D:10     | Killed an anaconda
 12339 | D:10     | Reached skill level 5 in Spellcasting
 12986 | D:11     | Noticed a two-headed ogre
 12990 | D:11     | Noticed Snorg
 13009 | D:11     | Slain by a two-headed ogre

Illustrated notes

Levels and vault maps discovered:
D:1:      minmay_arrival_doors, layout_basic, lexackson_kobold_supper
D:2:      layout_loops_ring, grunt_temple_overflow_open, doesnt_xom_only_xom,
          chequers_ecumenical_altar_island
D:3:      layout_loops_ring, elyvilon_altar_4, nicolae_overflow_hidden_temple,
          lemuel_zombie_altar_kikubaaqudgha, minmay_misc_feat_chi, uniq_natasha,
          uniq_robin
D:4:      layout_loops_cross, old_standard_altar, minmay_temple_entry_offerings,
          uniq_duvessa
D:5:      layout_cave_pools, serial_shops, nicolae_shop_crystal
D:6:      layout_basic, minmay_crystal_room, minmay_stone_trees_small,
          led_sif_book, uniq_menkaure, uniq_edmund
D:7:      gammafunk_wand_slinger, layout_rooms, serial_shops, shop,
          kennysheep_mini, nicolae_shop_waterfront, shop
D:8:      minmay_gate_of_8, layout_gridville, kennysheep_little_box,
          lair_entry_dummy, basic_altar, nicolae_water_bricks
D:9:      layout_rooms, nicolae_overflow_crystal_walls, wad_hexagon
D:10:     layout_small_grid, minmay_joined_circles
D:11:     layout_loops_cross, uniq_snorg
Temple:   nicolae_temple_figure_zero

Skill      XL: |  1  2  3  4  5  6  7  8  9 10 11 |
---------------+----------------------------------+-----
Dodging        | 3 4 5 6 7 |  7.0
Stealth        | 2 3 4 5 |  5.0
Unarmed Combat | 4 |  4.5
Throwing       | 1 2 3 4 |  4.6
Summonings     | 1 2 3 4 5 |  5.9
Short Blades   | 1 2 3 4 5 6 |  6.5
Spellcasting   | 1 2 3 4 5 |  5.2
Invocations    | 1 2 3 5 7 |  7.3
Evocations     | 1 2 3 4 |  4.7
Fighting       | 4 5 |  5.7

Action                   |  1- 3 |  4- 6 |  7- 9 | 10-12 || total
-------------------------+-------+-------+-------+-------++-------
Melee: Unarmed           |   177 |    29 |       |       ||   206
       Tailslap          |    17 |    14 |    33 |    31 ||    95
       Punch             |     2 |     3 |     5 |     7 ||    17
       Dagger            |       |    98 |   322 |   207 ||   627
Throw: Dart              |       |       |     7 |     7 ||    14
 Cast: Call Imp          |       |     7 |    15 |    24 ||    46
Invok: Wall of Briars    |       |     4 |     1 |     2 ||     7
       Grow Ballistomyce |       |       |     5 |    10 ||    15
 Abil: Breathe Lightning |       |       |     3 |     9 ||    12
       Evoke Flight      |       |       |     1 |       ||     1
Evoke: Wand              |       |       |       |     6 ||     6
  Use: Scroll            |     1 |     5 |     6 |     4 ||    16
       Potion            |       |       |     5 |       ||     5
 Stab: Sleeping          |     4 |     4 |     7 |     1 ||    16
       Distracted        |       |       |     1 |       ||     1
       Confused          |       |       |       |     1 ||     1
Armor: Skin              |    49 |    20 |    75 |    29 ||   173
Dodge: Dodged            |   101 |    55 |   263 |   184 ||   603

Table legend: (Time is in decaauts)
 A = Elapsed time spent in this place.
 B = Non-inter-level travel time spent in this place.
 C = Inter-level travel time spent in this place.
 D = Time resting spent in this place.
 E = Time spent auto-exploring this place.
 F = Levels seen in this place.
 G = Mean time per level.
                   A        B        C        D        E       F      G
               +--------+--------+--------+--------+--------+-----+--------+
         Total |  12867 |  12500 |    367 |      0 |   9476 |  12 | 1072.2 |
       Dungeon |  12746 |  12379 |    367 |      0 |   9369 |  11 | 1158.7 |
        Temple |    121 |    121 |      0 |      0 |    107 |   1 |  121.0 |
               +--------+--------+--------+--------+--------+-----+--------+

Top non-repeatable levels by time:
    D:10: 1768 daAuts
     D:9: 1671 daAuts
     D:8: 1605 daAuts
     D:3: 1411 daAuts
     D:1: 1410 daAuts
     D:6: 1401 daAuts
     D:4: 1239 daAuts
     D:5: 911 daAuts
     D:2: 797 daAuts
     D:7: 499 daAuts
  Temple: 121 daAuts
    D:11: 28 daAuts
